 Dungeon Crawl Stone Soup version 0.19.0-11-g3fc08b3 (webtiles) character file.

3482 kuniqs the Thrower (level 9, -3/79 HPs)
             Began as a Troll Hunter on Nov 9, 2016.
             Was a Believer of Dithmenos.
             Slain by Gastronok (13 damage)
             ... on level 8 of the Dungeon.
             The game lasted 00:12:03 (6219 turns).

kuniqs the Thrower (Troll Hunter)                   Turns: 6219, Time: 00:12:04

Health: -3/79      AC:  7    Str: 22    XL:     9   Next: 79%
Magic:  8/8        EV:  6    Int: 10    God:    Dithmenos [**....]
Gold:   356        SH:  8    Dex: 13    Spells: 0 memorised, 8 levels left

rFire  . . .     SeeInvis .       - Unarmed
rCold  . . .     Gourm    +     b - +0 robe
rNeg   . . .     Faith    .     Q - +0 shield
rPois  .         Spirit   .     (helmet restricted)
rElec  .         Reflect  .     p - +1 cloak
rCorr  +         Harm     .     (gloves unavailable)
MR     .....                    (boots unavailable)
Stlth  +.........               (no amulet)
                                y - +3 ring of intelligence
                                F - ring of resist corrosion

@: wreathed by umbra, heavily drained
A: unfitting armour, claws 3, fast metabolism 3, gourmand, regeneration 1,
shaggy fur 1, tough skin 2
a: Shadow Step, Renounce Religion


You were on level 8 of the Dungeon.
You worshipped Dithmenos.
Dithmenos was pleased with you.
You were completely stuffed.

You visited 2 branches of the dungeon, and saw 11 of its levels.

You collected 356 gold pieces.

Inventory:

Hand Weapons
 u - the +2 trident "Camadeczi" {flame, *Rage *Noise rF+++ Int+7, unknown}
   (You found it on level 4 of the Dungeon)

   It has been specially enchanted to burn those struck by it, causing extra
   injury to most foes and up to half again as much damage against particularly
   susceptible opponents.
   It affects your intelligence (+7).
   It renders you almost immune to fire.
   It may make noises in combat.
   It may make you go berserk in combat.
   Dithmenos disapproves of the use of such an item.
 w - the cursed +1 whip of Righteous Fury {speed, rElec rPois Str+4 Dex-4, unknown}
   (You found it on level 4 of the Dungeon)

   Attacks with this weapon are significantly faster.
   It affects your strength (+4).
   It affects your dexterity (-4).
   It insulates you from electricity.
   It protects you from poison.
   It has a curse placed upon it.
Missiles
 c - 5 large rocks
 d - 2 throwing nets
 C - 12 tomahawks (quivered)
 D - 7 exploding tomahawks
Armour
 b - a +0 robe (worn)
 p - a +1 cloak (worn)
 H - a +2 large shield
 Q - a +0 shield (worn)
Jewellery
 e - an uncursed ring of wizardry
 y - a +3 ring of intelligence (right claw)
 F - a ring of resist corrosion (left claw)
 R - an uncursed amulet of harm
Wands
 J - a wand of teleportation (6/9)
 L - a wand of polymorph (10/24)
 O - a wand of enslavement (8/24)
 P - a wand of lightning (8/15)
Scrolls
 a - 4 scrolls of identify {unknown}
 g - 3 scrolls of amnesia {unknown}
 k - 2 scrolls of immolation {unknown}
 l - 3 scrolls of fog {unknown}
 q - 6 scrolls of remove curse {unknown}
 t - a scroll of fear {unknown}
 B - 2 scrolls of noise {unknown}
 K - a scroll of torment {unknown}
 N - a scroll of enchant weapon {unknown}
Potions
 h - 2 potions of might {unknown}
 j - 2 potions of invisibility {unknown}
 m - a potion of agility {unknown}
 n - 2 potions of degeneration {unknown}
 o - 2 potions of cancellation {unknown}
 r - 2 potions of haste {unknown}
 s - 3 potions of curing {unknown}
 v - 2 potions of mutation {unknown}
 z - a potion of flight {unknown}
 E - 2 potions of heal wounds {unknown}
 I - a potion of cure mutation {unknown}
Comestibles
 f - 6 bread rations
 i - 4 meat rations
 x - a beef jerky
 A - 2 fruits
 G - a royal jelly


   Skills:
 - Level 2.1(0.5) Fighting
 + Level 9.3(7.3) Throwing
 - Level 1.5(0.0) Dodging
 - Level 0.3(0.0) Stealth
 + Level 3.6(1.9) Shields
 + Level 9.3(7.3) Unarmed Combat


You had 8 spell levels left.
You didn't know any spells.

Dungeon Overview and Level Annotations

Branches:
Dungeon (10/15)            Temple (1/1) D:5
   Lair: D:8-11         Orc: D:9-12

Altars:
Dithmenos
Fedhas
Kikubaaqudgha
Qazlal
Ru
Sif Muna
Trog
Uskayaw
The Shining One

Annotations:
D:8 Gastronok


Innate Abilities, Weirdness & Mutations

You are too large for most types of armour.
You have claws for hands.
Your metabolism is lightning-fast.
You like to eat raw meat.
Your natural rate of healing is unusually fast.
You are covered in fur. (AC +1)
You have very tough skin. (AC +2)


Message History

You scratch Gastronok but do no damage. You scratch Gastronok.
Gastronok casts a spell.
Gastronok puts on a burst of speed!
You scratch Gastronok but do no damage.
Your shield prevents you from hitting Gastronok.
Gastronok completely misses you.
Your shield prevents you from hitting Gastronok.
You claw Gastronok! Gastronok completely misses you.
You scratch Gastronok but do no damage. You scratch Gastronok.
Gastronok bites you!!
You claw Gastronok! You barely miss Gastronok.
Gastronok sloshes about.
Gastronok bites you!!
* * * LOW HITPOINT WARNING * * *
You scratch Gastronok. You scratch Gastronok but do no damage.
You scratch Gastronok. Gastronok bites you!
You die...

## #...# ....... #...# .......
#...# )...... ## #...# ....w.. ..
#####...####.# ....... .####
....'......... ....... .....
#####...#######....... #####...#
........###....#########...#...#.
...............w@..........)....#
...............#########.#.).....
...............# #.#####...
...............# #.# #.
...............# #.#
...............# #.#
.....>..###....# #<# ........#
###### ### ........#


You could see Gastronok.

Vanquished Creatures
  Erica (D:9)
  Psyche (D:8)
  The ghost of KarmaPolice the Bolt Thrower, a novice HaHu (D:4)
  Prince Ribbit (D:6)
  An ice beast (D:7)
  A sky beast (D:5)
  2 phantoms (D:6)
  3 ogres
  A bullfrog (D:8)
  6 scorpions
  A howler monkey (D:5)
  A crimson imp (D:5)
  A bullfrog zombie (D:6)
  4 hounds
  5 orc priests
  A jelly (D:9)
  A bullfrog skeleton (D:7)
  Jessica (D:3)
  3 iguanas
  7 orc wizards
  2 worker ants
  A hound zombie (D:5)
  A hound skeleton (D:5)
  A worker ant zombie (D:9)
  Robin (D:3)
  11 adders
  3 shadow imps
  An adder skeleton (D:4)
  6 worms
  4 dart slugs
  5 leopard geckos
  35 orcs
  A ball python (D:2)
  10 bats
  5 giant cockroaches
  9 hobgoblins
  18 jackals
  4 kobolds
  4 quokkas
  A ball python zombie (D:6)
  6 frilled lizards
  16 goblins
  A jackal skeleton (D:4)
  6 rats
195 creatures vanquished.

Vanquished Creatures (others)
  An adder skeleton (D:3)
  4 orcs
  A giant cockroach (D:3)
  2 plants (D:9)
8 creatures vanquished.

Grand Total: 203 creatures vanquished

Notes
Turn   | Place    | Note
-------+----------+-------------------------------------------
     0 | D:1      | kuniqs the Troll Hunter began the quest for the Orb.
     0 | D:1      | Reached XP level 1. HP: 19/19 MP: 0/0
   134 | D:1      | Reached XP level 2. HP: 25/28 MP: 1/1
   175 | D:1      | Reached skill level 1 in Unarmed Combat
   545 | D:2      | Reached XP level 3. HP: 29/35 MP: 2/2
  1426 | D:3      | Reached XP level 4. HP: 38/42 MP: 3/3
  1443 | D:3      | Noticed Jessica
  1452 | D:3      | Killed Jessica
  1636 | D:3      | Reached XP level 5. HP: 49/49 MP: 4/4
  1642 | D:3      | Noticed Robin
  1647 | D:3      | Killed Robin
  1897 | D:3      | Reached skill level 5 in Throwing
  2014 | D:5      | Entered Level 5 of the Dungeon
  2022 | D:5      | Reached XP level 6. HP: 48/57 MP: 5/5
  2191 | D:4      | Got an iridescent trident
  2271 | D:4      | Found a blossoming altar of Fedhas.
  2322 | D:4      | Noticed KarmaPolice's ghost (novice HaHu)
  2370 | D:4      | Killed KarmaPolice's ghost
  2370 | D:4      | Reached skill level 5 in Unarmed Combat
  2370 | D:4      | Reached XP level 7. HP: 50/65 MP: 6/6
  2505 | D:4      | Noticed a dagger
  2506 | D:4      | Found a hide-covered altar of Uskayaw.
  2506 | D:4      | Noticed a dagger
  2876 | D:4      | Got a transparent whip
  2892 | D:4      | Found an ancient bone altar of Kikubaaqudgha.
  3216 | D:5      | Found a staircase to the Ecumenical Temple.
  3229 | Temple   | Entered the Ecumenical Temple
  3235 | Temple   | Became a worshipper of Dithmenos the Shadowed
  3380 | D:5      | Reached XP level 8. HP: 51/72 MP: 7/7
  4439 | D:6      | Noticed Prince Ribbit
  4449 | D:6      | Killed Prince Ribbit
  4744 | D:6      | Reached * piety under Dithmenos
  4770 | D:6      | Found a sacrificial altar of Ru.
  4854 | D:6      | Reached XP level 9. HP: 79/79 MP: 8/8
  5123 | D:6      | Reached skill level 1 in Shields
  5741 | D:8      | You fall through a shaft!
  5769 | D:10     | Entered Level 10 of the Dungeon
  5932 | D:8      | Noticed Erica
  5944 | D:9      | Killed Erica
  6027 | D:8      | Reached ** piety under Dithmenos
  6122 | D:8      | Noticed Psyche
  6126 | D:8      | Killed Psyche
  6188 | D:8      | Noticed Gastronok
  6219 | D:8      | Slain by Gastronok

Skill      XL: |  1  2  3  4  5  6  7  8  9 |
---------------+----------------------------+-----
Unarmed Combat | 1 2 3 5 6 8 9 |  9.3
Fighting       | 2 |  2.1
Throwing       | 4 5 6 7 8 9 |  9.3
Shields        | 3 |  3.6
Dodging        | |  1.5
Stealth        | |  0.3

Action                   |  1- 3 |  4- 6 |  7- 9 || total
-------------------------+-------+-------+-------++-------
Melee: Unarmed           |   156 |   171 |   329 ||   656
       Punch             |       |     2 |    10 ||    12
Throw: Tomahawk          |       |       |     3 ||     3
       Throwing net      |       |       |     2 ||     2
       Large rock        |       |       |     1 ||     1
 Stab: Sleeping          |       |     1 |     1 ||     2
  Eat: Chunk             |    17 |    10 |    36 ||    63
Armor: Robe              |    64 |    79 |    88 ||   231
Dodge: Dodged            |    71 |    98 |   135 ||   304
Block: Shield            |       |       |     2 ||     2
